 Dungeon Crawl Stone Soup version 0.20-a0-1116-gaa52201 (webtiles) character file.

5098 EvilAshe the Basher (level 10, -10/91 HPs)
             Began as a Deep Dwarf Fighter on May 9, 2017.
             Was a Believer of Makhleb.
             Mangled by a two-headed ogre
             ... wielding a +0 giant club
              (15 damage)
             ... on level 8 of the Dungeon.
             The game lasted 00:22:38 (7022 turns).

EvilAshe the Basher (Deep Dwarf Fighter)            Turns: 7022, Time: 00:22:38

Health: -10/91     AC: 18    Str: 23    XL:     10   Next: 32%
Magic:  5/5        EV:  8    Int:  8    God:    Makhleb [**....]
Gold:   391        SH: 12    Dex: 18    Spells: 9/9 levels left

rFire    . . .     SeeInvis .   B - +0 morningstar
rCold    . . .     Gourm    .   c - +0 shield
rNeg     + . .     Faith    .   C - +0 chain mail
rPois    .         Spirit   .   t - +2 hat
rElec    .         Reflect  .   P - +3 cloak "Pounkosu" {Str+2}
rCorr    .         Harm     .   (no gloves)
MR       +....                  M - +0 pair of boots
Stlth    ..........             (no amulet)
Regen    0.0/turn               I - ring of positive energy
MPRegen  0.1/turn               A - +3 ring of dexterity

@: lethally poisoned (-10 -> -10), non-regenerating
A: damage resistance, heal wounds, sense surroundings 2, no regeneration
a: Heal Wounds, Minor Destruction, Renounce Religion


You were on level 8 of the Dungeon.
You worshipped Makhleb.
Makhleb was pleased with you.
You were hungry.

You visited 2 branches of the dungeon, and saw 9 of its levels.

You collected 521 gold pieces.
You spent 130 gold pieces at shops.

Inventory:

Hand Weapons
 a - a +0 flail
 B - a +0 morningstar (weapon)
Armour
 c - a +0 shield (worn)
 t - a +2 hat (worn)
 C - a +0 chain mail (worn)
 M - a +0 pair of boots (worn)
 P - the +3 cloak "Pounkosu" (worn) {Str+2}
   (You found it on level 8 of the Dungeon)

   It affects your strength (+2).
Jewellery
 u - an uncursed ring of resist corrosion
 A - a +3 ring of dexterity (right hand)
 I - a ring of positive energy (left hand)
Wands
 d - a wand of lightning (9/15)
 h - a wand of disintegration (15/24)
 s - a wand of digging (8/24)
 D - a wand of confusion (0/48)
 F - a wand of random effects (17/48)
 J - a wand of random effects (24/48)
 N - a wand of flame (24/48)
 R - a wand of random effects (13/48)
 S - a wand of paralysis (20/24)
Scrolls
 e - 6 scrolls of remove curse
 i - 2 scrolls of amnesia
 j - a scroll of random uselessness {unknown}
 n - a scroll of magic mapping {unknown}
 o - a scroll of blinking
 p - a scroll of enchant armour
 x - a scroll of fear
 y - a scroll of teleportation {unknown}
 E - a scroll of recharging {unknown}
 G - a scroll of enchant weapon {unknown}
 O - 2 scrolls of noise {unknown}
Potions
 g - 3 potions of haste
 l - 8 potions of mutation
 m - a potion of magic
 q - 4 potions of heal wounds
 w - 5 potions of curing
 z - 3 potions of agility
 K - a potion of flight {unknown}
Books
 b - a book of Conjurations

   Spells                             Type                      Level
   a - Magic Dart                     Conjuration                  1
   b - Searing Ray                    Conjuration                  2
   c - Dazzling Spray                 Conjuration/Hexes            3
   d - Fulminant Prism                Conjuration/Hexes            4
   e - Force Lance                    Conjuration/Translocation    4
   f - Iskenderun's Mystic Blast      Conjuration                  4
 r - a book of Frost

   Spells                             Type                      Level
   a - Freeze                         Ice                          1
   b - Throw Frost                    Conjuration/Ice              2
   c - Ozocubu's Armour               Charms/Ice                   3
   d - Throw Icicle                   Conjuration/Ice              4
   e - Summon Ice Beast               Ice/Summoning                4
 v - a book of Ice

   Spells                             Type                      Level
   a - Ice Form                       Ice/Transmutation            4
   b - Metabolic Englaciation         Hexes/Ice                    5
   c - Ozocubu's Refrigeration        Ice                          6
   d - Bolt of Cold                   Conjuration/Ice              6
   e - Freezing Cloud                 Conjuration/Ice/Air          6
   f - Simulacrum                     Ice/Necromancy               6
 L - a book of Callings

   Spells                             Type                      Level
   a - Summon Small Mammal            Summoning                    1
   b - Call Imp                       Summoning                    2
   c - Call Canine Familiar           Summoning                    3
   d - Summon Guardian Golem          Hexes/Summoning              3
   e - Summon Lightning Spire         Summoning/Air                4
   f - Summon Ice Beast               Ice/Summoning                4
Comestibles
 f - 2 bread rations
 k - 3 meat rations
 H - 6 fruits
 Q - 10 royal jellies


   Skills:
 + Level 6.1 Fighting
 * Level 10.1 Maces & Flails
 + Level 8.1 Armour
 - Level 2.7 Dodging
 - Level 0.6 Stealth
 + Level 8.2 Shields


You had 9 spell levels left.
You didn't know any spells.

Dungeon Overview and Level Annotations

Branches:
Dungeon (8/15)             Temple (1/1) D:4
   Lair: D:8-11

Altars:
Cheibriados
Elyvilon
Fedhas
Gozag
Hepliaklqana
Makhleb
Nemelex Xobeh
Okawaru
Qazlal
Ru
Trog
Uskayaw
Vehumet
Xom
The Shining One

Shops:
D:7 }!*[

Annotations:
D:3 yrara's ghost, amateur DsFi


Innate Abilities, Weirdness & Mutations

You are resistant to damage.
You can heal yourself by infusing magical energy.
You passively map the area around you.
You do not regenerate.


Message History

You hit the killer bee.
The killer bee is almost dead.
The killer bee stings you.
The two-headed ogre hits you but does no damage. x2
The killer bee stings you but does no damage.
You closely miss the killer bee.
The killer bee is almost dead.
The killer bee stings you but does no damage.
The two-headed ogre hits you with a giant club!
* * * LOW HITPOINT WARNING * * *
The two-headed ogre hits you with a giant club!
* * * LOW HITPOINT WARNING * * *
You block the killer bee's attack.
Your chain mail prevents you from hitting the killer bee.
The killer bee is almost dead.
You block the killer bee's attack.
The two-headed ogre hits you with a giant club!
* * * LOW HITPOINT WARNING * * *
The two-headed ogre hits you with a giant club!!
You die...

#..#..#.###...............)†....#
#..#..#.#...##..#####.....###.#..
.≈.≈.≈....#.##÷..## #####.###.###
≈##'##≈..##.#.....#######...#.###
##...##.......###................
#.#.##.........##.......##....†.
#...##..^>.#.[(.#.#......##...##
##'###.....#..O.#.........#..##
#.# #.....##..@####......#...##
### ##..#O.####y..##........... ,
#........#))..#......##... ,
##..)..#.#....#.......#.## ,
#........##......[.##..... ,
#.##.##...###÷....#####...
#..*#.###......#.### #.## *...
#.# ##...#...## ####.## .., #.
##.........###......


You could see a two-headed ogre and a killer bee.

Vanquished Creatures
  2 two-headed ogres (D:8)
  Pikel (D:4)
  Grinder (D:5)
  Sigmund (D:2)
  Edmund (D:5)
  A water moccasin (D:6)
  A hornet zombie (D:8)
  A sky beast (D:8)
  2 ogres
  3 phantoms
  2 centaurs
  2 necrophages (D:6)
  A bullfrog (D:7)
  2 big kobolds (D:8)
  3 scorpions
  A wyvern skeleton (D:6)
  4 killer bees (D:8)
  A wight (D:8)
  A crimson imp (D:5)
  4 bullfrog zombies
  A quasit (D:8)
  2 hounds
  5 jellies (D:8)
  3 orc priests
  Crazy Yiuf (D:2)
  A bullfrog skeleton (D:6)
  7 orc wizards
  Ijyb (D:5)
  Terence (D:3)
  4 worker ants
  A killer bee zombie (D:8)
  A hound zombie (D:6)
  A howler monkey zombie (D:7)
  Robin (D:2)
  A gnoll (D:1)
  2 howler monkey skeletons
  9 adders
  6 oozes
  An adder skeleton (D:6)
  An adder zombie (D:7)
  4 worms
  3 dart slugs
  6 leopard geckos
  15 orcs
  4 ball pythons
  7 bats
  4 giant cockroaches
  17 goblins
  13 hobgoblins
  2 jackals (D:7)
  18 kobolds
  4 quokkas
  6 frilled lizards
  11 rats
199 creatures vanquished.

Vanquished Creatures (others)
  A slave (D:4)
1 creature vanquished.

Grand Total: 200 creatures vanquished

Notes
Turn   | Place    | Note
-------+----------+-------------------------------------------
     0 | D:1      | EvilAshe the Deep Dwarf Fighter began the quest for the Orb.
     0 | D:1      | Reached XP level 1. HP: 20/20 MP: 1/1
   160 | D:1      | Reached XP level 2. HP: 17/27 MP: 2/2
   394 | D:2      | Reached XP level 3. HP: 17/33 MP: 3/3
   615 | D:2      | Noticed Sigmund
   646 | D:1      | Reached skill level 3 in Maces & Flails
   965 | D:2      | Reached XP level 4. HP: 32/40 MP: 4/4
  1059 | D:2      | Noticed Robin
  1100 | D:2      | Killed Robin
  1380 | D:3      | Noticed Terence
  1416 | D:3      | Killed Terence
  1416 | D:3      | Reached XP level 5. HP: 37/49 MP: 4/4
  1546 | D:3      | Reached skill level 1 in Dodging
  1585 | D:3      | Noticed yrara's ghost (amateur DsFi)
  1668 | D:2      | Found a runed door.
  1672 | D:2      | Noticed Crazy Yiuf
  1676 | D:2      | Killed Crazy Yiuf
  1676 | D:2      | Reached skill level 4 in Maces & Flails
  1789 | D:2      | Killed Sigmund
  1789 | D:2      | Reached XP level 6. HP: 9/56 MP: 5/5
  2327 | D:4      | Found a glowing golden altar of the Shining One.
  2436 | D:4      | Reached skill level 5 in Maces & Flails
  2698 | D:4      | Noticed a slave
  2719 | D:4      | Reached XP level 7. HP: 55/62 MP: 5/5
  2847 | D:4      | Noticed Pikel
  2904 | D:4      | Killed Pikel
  2904 | D:4      | Reached skill level 6 in Maces & Flails
  2904 | D:4      | Reached skill level 5 in Armour
  2904 | D:4      | Reached skill level 5 in Shields
  2904 | D:4      | Reached XP level 8. HP: 45/69 MP: 5/5
  2962 | D:4      | Found a staircase to the Ecumenical Temple.
  2969 | Temple   | Entered the Ecumenical Temple
  3054 | Temple   | Became a worshipper of Makhleb the Destroyer
  3379 | D:5      | Entered Level 5 of the Dungeon
  3441 | D:5      | Noticed Grinder
  3594 | D:5      | Reached skill level 7 in Maces & Flails
  3758 | D:5      | Noticed Edmund
  3806 | D:5      | Killed Edmund
  3884 | D:5      | Noticed Ijyb
  3891 | D:5      | Killed Ijyb
  4234 | D:5      | Killed Grinder
  4716 | D:6      | Found a blossoming altar of Fedhas.
  4724 | D:6      | Reached * piety under Makhleb
  4915 | D:6      | Gained mutation: You passively map the area around you. [Deep Dwarf growth]
  4915 | D:6      | Reached XP level 9. HP: 45/79 MP: 4/4
  4979 | D:6      | Reached skill level 8 in Maces & Flails
  5478 | D:7      | Found Oqyr's Distillery.
  5484 | D:7      | Bought a potion of haste for 130 gold pieces
  5491 | D:7      | Found Pouptyh's Gadget Emporium.
  5511 | D:7      | Reached skill level 5 in Fighting
  5684 | D:7      | Found Qilieth's Antique Armour Shop.
  5709 | D:7      | Found a shimmering altar of Xom.
  5709 | D:7      | Found an opulent altar of Gozag.
  5714 | D:7      | Found a sacrificial altar of Ru.
  5716 | D:7      | Found a radiant altar of Vehumet.
  5725 | D:7      | Found a hazy altar of Hepliaklqana.
  5790 | D:7      | Found Donk's General Store.
  5848 | D:7      | Found a sparkling altar of Nemelex Xobeh.
  5848 | D:7      | Found a stormy altar of Qazlal.
  6305 | D:8      | Reached ** piety under Makhleb
  6408 | D:8      | Reached skill level 9 in Maces & Flails
  6546 | D:8      | Got a jewelled cloak
  6557 | D:8      | Identified the +3 cloak "Pounkosu" {Str+2} (You found it on level 8 of the Dungeon)
  6565 | D:8      | Noticed a two-headed ogre
  6582 | D:8      | Killed a two-headed ogre
  6582 | D:8      | Reached XP level 10. HP: 31/91 MP: 5/5
  6589 | D:8      | Noticed a two-headed ogre
  6600 | D:8      | Killed a two-headed ogre
  6805 | D:8      | Reached skill level 10 in Maces & Flails
  6980 | D:8      | Noticed a two-headed ogre
  7022 | D:8      | Mangled by a two-headed ogre

Vault maps used:
D:1:      tarquinn_simple_flora_water_b, minmay_misc_feat_plants
D:2:      minmay_misc_feat_tiny, kennysheep_generic_room_4,
          uniq_crazy_yiuf_cottage, uniq_sigmund, uniq_robin
D:3:      gammafunk_temple_overflow_pools, first_bread,
          chequers_ecumenical_altar_island, uniq_terence
D:4:      minmay_temple_entry_trees, nicolae_tso_carved_into_rock, uniq_pikel
D:5:      uniq_edmund, uniq_grinder, uniq_ijyb
D:6:      fedhas_altar_2
D:7:      chequers_temple_overflow_minitemple, gammafunk_temple_overflow_wave,
          serial_shops, nicolae_shop_stone, shop, nicolae_shop_window_shopping,
          nicolae_shop_waterfront, minmay_checkerbox
D:8:      hangedman_little_slice_of_home, minmay_bent
Temple:   minmay_temple_forest_path

Skill      XL: |  1  2  3  4  5  6  7  8  9 10 |
---------------+-------------------------------+-----
Maces & Flails | 3 4 5 6 7 9 10 | 10.1
Fighting       | 3 4 5 6 |  6.1
Shields        | 4 5 6 7 8 |  8.2
Dodging        | 1 2 |  2.7
Armour         | 4 5 6 7 8 |  8.1
Stealth        | |  0.6

Action                   |  1- 3 |  4- 6 |  7- 9 | 10-12 || total
-------------------------+-------+-------+-------+-------++-------
Melee: Flail             |   156 |   215 |    96 |       ||   467
       Morningstar       |       |       |   357 |   108 ||   465
 Abil: Heal Wounds       |     1 |     5 |     7 |     1 ||    14
Evoke: Wand              |       |     1 |    10 |     2 ||    13
  Use: Scroll            |       |     5 |     6 |     2 ||    13
       Potion            |       |     1 |     2 |     1 ||     4
 Stab: Confused          |       |       |     1 |       ||     1
  Eat: Chunk             |     1 |     6 |     8 |     1 ||    16
       Fruit             |       |       |     3 |       ||     3
       Royal jelly       |       |       |     1 |       ||     1
Armor: Scale mail        |    77 |    95 |    39 |       ||   211
       Chain mail        |       |       |   147 |    67 ||   214
Dodge: Dodged            |    55 |    67 |   120 |    43 ||   285
Block: Shield            |    85 |   131 |   257 |    86 ||   559
